details: 'People still fall for invisible mortars in 2010'

« prev index next »

General information

Mini Map

Players

team 1
Humanvectop (purple | 58 APM | 1179 actions | 20:24)
Hero icon 4 Archmage
Ability icon 2 Blizzard
Ability icon 2 Brilliance Aura
Hero icon 2 Blood Mage
Ability icon 1 Flame Strike
Ability icon 1 Siphon Mana

» actions
Assign group hotkey28
Basic commands48
Build / train85
ESC pressed5
Enter build submenu39
Enter hero's abilities submenu6
Give item / drop item5
Right click406
Select / deselect251
Select group hotkey185
Use ability121
1179 total
» units
Peasant21
Goblin Shredder1
Sorceress3
Mortar Team4
Flying Machine4
33 total
» upgrades
Masonry2
Magic Sentry1
Sorceress Training2
Gunpowder3
Fragmentation Shards1
Armor1
Flak Cannons1
11 total
» buildings
Altar of Kings1
Farm10
Scout Tower18
Lumber Mill1
Arcane Vault2
Arcane Tower3
Guard Tower8
Town Hall1
Keep1
Blacksmith1
Arcane Sanctum1
Castle1
Workshop3
51 total
» build order
00:06 Altar of Kings
00:24 Farm
00:37 Scout Tower
00:38 Farm
00:51 Lumber Mill
01:00 Arcane Vault
01:34 Scout Tower
02:13 Arcane Tower
02:16 Scout Tower
02:19 Scout Tower
02:22 Scout Tower
02:26 Scout Tower
02:28 Scout Tower
02:34 Arcane Tower
03:05 Farm
03:25 Guard Tower
03:28 Guard Tower
03:29 Scout Tower
04:01 Guard Tower
04:25 Scout Tower
04:26 Scout Tower
04:32 Scout Tower
05:01 Guard Tower
05:20 Guard Tower
05:28 Farm
06:11 Town Hall
06:37 Scout Tower
07:05 Scout Tower
07:06 Scout Tower
07:07 Scout Tower
07:07 Scout Tower
07:10 Arcane Tower
07:25 Keep
07:41 Guard Tower
07:44 Farm
07:46 Farm
09:29 Blacksmith
09:53 Arcane Sanctum
10:17 Castle
10:53 Scout Tower
10:54 Scout Tower
10:57 Arcane Vault
11:28 Workshop
11:30 Workshop
11:32 Workshop
12:18 Farm
12:20 Farm
12:23 Farm
13:00 Farm
13:50 Guard Tower
13:50 Guard Tower
» items
Scroll of Regeneration5
Lesser Clarity Potion1
Mechanical Critter2
Boots of Speed2
Staff of Teleportation2
Potion of Healing3
Potion of Mana1
Staff of Sanctuary1
Scroll of Town Portal1
Orb of Fire1
Periapt of Vitality1
20 total
team 2
Orcmuja (pink | 48 APM | 975 actions | 20:23)
Hero icon 5 Blademaster
Ability icon 3 Wind Walk
Ability icon 2 Critical Strike
Hero icon 4 Shadow Hunter
Ability icon 2 Healing Wave
Ability icon 2 Hex

» actions
Assign group hotkey11
Basic commands9
Build / train57
Enter build submenu24
Enter hero's abilities submenu9
Give item / drop item2
Remove unit from queue4
Right click456
Select / deselect247
Select group hotkey110
Use ability46
975 total
» units
Peon9
Grunt10
Wind Rider6
Troll Headhunter/Berserker2
Tauren2
Demolisher2
31 total
» upgrades
Berserker Strength1
Armor2
Ranged Weapons3
Pulverize1
Berserker Upgrade1
Reinforced Defenses1
9 total
» buildings
Altar of Storms1
Orc Burrow9
Barracks1
Stronghold1
War Mill1
Voodoo Lounge1
Fortress1
Beastiary1
Great Hall5
Tauren Totem1
22 total
» build order
00:06 Altar of Storms
00:18 Orc Burrow
00:27 Barracks
01:41 Orc Burrow
03:10 Stronghold
03:43 Orc Burrow
04:07 War Mill
04:41 Orc Burrow
05:37 Voodoo Lounge
05:55 Fortress
06:01 Beastiary
08:43 Great Hall
09:06 Great Hall
09:22 Great Hall
10:38 Orc Burrow
12:16 Tauren Totem
13:26 Orc Burrow
15:35 Great Hall
15:38 Orc Burrow
15:51 Orc Burrow
15:55 Orc Burrow
17:36 Great Hall
» items
Healing Salve2
2 total